 Dungeon Crawl Stone Soup version 0.27-a0-1232-gc6a4cbde82 (webtiles) character file.

Game seed: 13745964619641505917

65479 tilp the Spear-Bearer (level 15, -16/120 HPs)
             Began as a Barachi Summoner on June 8, 2021.
             Was the Champion of Okawaru.
             Shot with an arrow by something (19 damage)
             ... on level 2 of the Orcish Mines.
             The game lasted 01:11:39 (40696 turns).

tilp the Spear-Bearer (Barachi Summoner)           Turns: 40696, Time: 01:11:40

Health: -16/120    AC: 15    Str: 20    XL:     15   Next: 16%
Magic:  24/24      EV: 15    Int: 21    God:    Okawaru [******]
Gold:   2371       SH:  5    Dex: 13    Spells: 10/26 levels left

rFire    . . .     SeeInvis .   R - +4 demon trident of Mutilation {vamp, Fly Int+4}
rCold    . . .     Faith    +   J - +0 buckler
rNeg     . . .     Spirit   .   Y - +3 leather armour {Will+}
rPois    +         Reflect  .   (no helmet)
rElec    .         Harm     .   o - +1 cloak
rCorr    .         Rampage  .   X - +2 pair of gloves {Stlth+}
Will     ++...                  Q - +2 pair of boots
Stlth    +++.......             N - amulet of faith
HPRegen  0.30/turn              l - ring of poison resistance
MPRegen  0.19/turn              n - +6 ring of strength

@: flying, invisible, slow
A: amphibious, slowness 1, strong legs 2, +LOS
a: Hop, Renounce Religion, Heroism, Finesse


You were on level 2 of the Orcish Mines.
You worshipped Okawaru.
Okawaru was exalted by your worship.
You visited 4 branches of the dungeon, and saw 20 of its levels.

You collected 2576 gold pieces.
You spent 205 gold pieces at shops.

Inventory:

Hand Weapons
 b - a +0 glaive
 R - the +4 demon trident of Mutilation (weapon) {vamp, Fly Int+4}
   (You acquired it on level 5 of the Lair of Beasts)

   It inflicts no extra harm, but heals its wielder when it wounds a living foe.
   It affects your intelligence (+4).
   It grants you flight.
Missiles
 h - 8 atropa-tipped darts
 w - 4 boomerangs of dispersal
 E - 46 poisoned darts (quivered)
 G - 6 curare-tipped darts
Armour
 o - a +1 cloak (worn)
 A - a +2 robe of resistance
 J - a +0 buckler (worn)
 Q - a +2 pair of boots (worn)
 U - a +4 plate armour of willpower
 X - a +2 pair of gloves of stealth (worn)
 Y - a +3 leather armour of willpower (worn)
 Z - +0 fire dragon scales
Jewellery
 l - a ring of poison resistance (left hand)
 m - a ring of positive energy
 n - a +6 ring of strength (right hand)
 p - a ring of protection from fire
 L - the ring "Fistop" {Ice Str+5}
   (You took it off an orc on level 9 of the Dungeon)

   [ring of ice]

   It enhances your ice magic.
   It affects your strength (+5).
   It makes you vulnerable to fire.
   It protects you from cold.
 N - an amulet of faith (around neck)
Wands
 k - a wand of acid (4)
 s - a wand of polymorph (19)
 y - a wand of flame (32)
 K - a wand of digging (11)
 O - a wand of iceblast (18)
 V - a wand of charming (12)
Scrolls
 d - 3 scrolls of magic mapping
 e - 4 scrolls of fog
 x - 3 scrolls of fear
 B - 6 scrolls of teleportation
 C - a scroll of summoning
 T - 3 scrolls of identify
 W - 3 scrolls of enchant weapon
Potions
 c - 3 potions of cancellation
 f - a potion of lignification
 g - 4 potions of brilliance
 i - a potion of haste
 j - 3 potions of flight
 q - a potion of berserk rage
 t - a potion of resistance
 u - 4 potions of attraction
 v - 3 potions of curing
 I - 2 potions of ambrosia
 M - 2 potions of mutation
Miscellaneous
 a - a condenser vane (inert)
 H - a box of beasts (inert)


   Skills:
 - Level 12.0 Fighting
 - Level 14.0 Polearms
 - Level 6.0 Armour
 - Level 8.0 Dodging
 - Level 4.0 Stealth
 - Level 4.0 Shields
 - Level 6.0 Spellcasting
 + Level 13.2 Summonings
 - Level 4.0 Ice Magic
 - Level 4.0 Air Magic
 - Level 10.0 Invocations
 - Level 4.0 Evocations


You had 10 spell levels left.
You knew the following spells:

 Your Spells              Type           Power      Damage    Failure   Level
b - Call Imp              Summ           58%        N/A       1%          2
c - Call Canine Familiar  Summ           58%        N/A       1%          3
d - Summon Guardian Gole  Hex/Summ       34%        N/A       2%          3
e - Summon Ice Beast      Ice/Summ       42%        N/A       3%          4
f - Summon Lightning Spi  Summ/Air       42%        N/A       3%          4

Your spell library contained the following spells:

 Spells                   Type           Power      Damage    Failure   Level
 Summon Small Mammal      Summ           100%       N/A       1%          1
 Freeze                   Ice            92%        1d10      2%          1
 Ensorcelled Hibernation  Hex/Ice        28%        N/A       8%          2
 Corona                   Hex            6%         N/A       11%         1
 Sting                    Tmut/Pois      24%        1d4       11%         1
 Confusing Touch          Hex            6%         N/A       32%         3
 Dazzling Flash           Conj/Hex       12%        N/A       32%         3
 Tukima's Dance           Hex            6%         N/A       32%         3


Dungeon Overview and Level Annotations

Branches:
Dungeon (11/15)            Temple (1/1) D:7            Lair (6/6) D:8
 Shoals (0/4) Lair:4        Snake (0/4) Lair:3        Slime (0/5) Lair:5
    Orc (2/2) D:10            Elf (0/3) Orc:2

Altars:
Ashenzari
Cheibriados
Dithmenos
Elyvilon
Fedhas
Gozag
Hepliaklqana
Kikubaaqudgha
Makhleb
Nemelex Xobeh
Okawaru
Qazlal
Ru
Sif Muna
Trog
Uskayaw
Vehumet
Wu Jian
Xom
Yredelemnul
Zin
The Shining One
Beogh
Jiyva

Shops:
D:10 *   Orc:2 *([:

Annotations:
D:9 3 runed translucent doors, Sassenached's ghost, novice GnWn


Innate Abilities, Weirdness & Mutations

You are amphibious.
You cover ground slowly.
You can hop long distances.
You have an extended range of vision and can be seen from far away.


Message History

Aim: a deep elf pyromancer, wielding a +0 long sword (moderately wounded, ally target, about 35% to evade the +4 demon trident of Mutilation)
You reach to attack!
You hit the deep elf pyromancer.
You feel better.
The deep elf pyromancer is heavily wounded.
The fire elemental hits you. The fire elemental burns you!
* * * LOW HITPOINT WARNING * * *
Your juvenile shocksting beast bursts into living lightning!
The living lightning hits the deep elf pyromancer!!
The deep elf pyromancer dies!
Okawaru accepts your kill.
The fire elemental disappears in a puff of smoke! x3
The living lightning hits something!
Your juvenile shocksting beast blinks!
Unknown command.
What are your orders? t - Croak!
Orders for allies: a - Attack new target. r - Retreat! s - Stop attacking. g - Guard the area. f - Follow me.
Anything else - Cancel.
Gang up on whom?
Press: ? - help, Dir - move target, f - deep elf zephyrmancer
Aim: a deep elf zephyrmancer, wielding a +1 rapier of venom Attack!
You hear a twanging sound.
An arrow appears from out of thin air!
The arrow hits you.
* * * LOW HITPOINT WARNING * * *
Your juvenile shocksting beast hits the deep elf zephyrmancer.
Your juvenile shocksting beast completely misses the deep elf zephyrmancer.
The deep elf zephyrmancer casts a spell at you.
The bolt of lightning hits you!!!
* * * LOW HITPOINT WARNING * * *
Unknown command.
Okay, then.
Press: ? - help, v - describe, . - travel
Here: a deep elf zephyrmancer, wielding a +1 rapier of venom (lightly wounded, ally target)
The floor.
You fade into invisibility!
You hear a twanging sound.
An arrow appears from out of thin air!
The arrow hits you!!
You die...

..#....8.........................
.##......∩.......................
..○°.............................
.○○°.....................#.#..P..
(.###......P..°..........###..P..
.####.....e....○.........####..P.
##.####P.H......)§........###....
#...###...#...°§.........#.#.....
##..#.....#...°§@....)......#....
#.........#...............###...
##........................####..
###....................#..)##.##
##.#.........>.........###.......
#.....#................# ##(##...
##.....................####)###..
##.............##.......##.).##..
#...##..............##.###...##..


You could see a deep elf zephyrmancer (ally target) and a friendly juvenile
shocksting beast (summoned).

Vanquished Creatures
  Rupert (Lair:4)
  A stone giant (Orc:1)
  2 ettins (Orc:2)
  4 hydras
  A two-headed ogre (D:9)
  11 death yaks
  2 orc high priests
  3 lindwurms
  A deep elf pyromancer (D:9)
  2 orc knights (Orc:1)
  6 cyclopes
  An orc sorcerer (Orc:2)
  6 elephants (Lair:6)
  4 black mambas
  10 cane toads
  A torpor snail (Lair:6)
  2 rime drakes
  3 komodo dragons
  An unseen horror (D:11)
  2 meliai (D:10)
  4 trolls
  4 hornets
  7 polar bears
  A blink frog (Lair:1)
  A slime creature (D:9)
  3 dream sheep (Lair:6)
  3 shadows (D:9)
  12 spriggans
  2 wraiths
  25 yaks
  9 wyverns
  A steam dragon (D:9)
  3 wargs
  A naga (Lair:3)
  19 water moccasins
  2 swamp drakes
  20 orc warriors
  5 black bears
  6 ogres
  2 necrophages
  33 wolves
  5 boggarts (Lair:6)
  5 centaurs
  A phantom (D:4)
  3 nameless horrors
  5 kobold brigands
  7 bullfrogs
  6 scorpions
  5 killer bees
  The ghost of diceflayer the Skirmisher, a weakling MiBe of Trog (D:3)
  10 wights
  A howler monkey (D:9)
  5 centaur zombies
  2 bullfrog zombies
  A centaur skeleton (D:7)
  17 orc priests
  A hound (D:6)
  2 jellies
  2 gnoll shamans
  19 orc wizards
  2 iguanas
  A killer bee zombie (D:7)
  2 howler monkey zombies (D:9)
  2 howler monkey skeletons
  6 gnolls
  9 adders
  A white imp (D:8)
  2 dart slugs
  49 orcs
  6 endoplasms
  2 giant cockroaches
  5 goblins
  11 hobgoblins
  6 jackals
  2 quokkas
  7 ball pythons
  13 bats
  4 frilled lizards (D:2)
  12 kobolds
  6 rats
473 creatures vanquished.

Vanquished Creatures (collateral kills)
  An orc warlord (Orc:1)
  4 hydras
  5 death yaks
  A deep elf pyromancer (Orc:2)
  An orc sorcerer (Orc:1)
  A manticore (D:10)
  A cyclops (Orc:2)
  An elephant (Lair:6)
  4 black mambas
  8 cane toads
  A rime drake (Lair:1)
  4 komodo dragons
  A troll (D:10)
  A meliai (D:10)
  A hornet (Lair:6)
  6 polar bears
  4 blink frogs
  5 dream sheep (Lair:6)
  A vampire (D:9)
  24 yaks
  7 basilisks
  3 spriggans (Lair:6)
  A warg (Orc:2)
  A steam dragon (D:7)
  5 water moccasins
  11 orc warriors
  Purgy (D:3)
  7 black bears
  3 ogres
  A necrophage (D:6)
  An ice beast (D:4)
  7 wolves
  A bullfrog (Lair:1)
  A scorpion (D:4)
  2 water moccasin zombies (D:6)
  8 killer bees
  2 howler monkeys (D:10)
  7 wights
  A centaur zombie (D:6)
  A hound (D:4)
  7 orc priests
  A jelly (D:4)
  An iguana (D:4)
  4 orc wizards
  A howler monkey zombie (D:3)
  An adder (D:5)
  6 gnolls
  A dart slug (D:1)
  17 orcs
  3 ball pythons
  2 endoplasms
  5 goblins
  2 hobgoblins
  5 jackals
  3 kobolds
  3 quokkas
  A bat (D:3)
  A rat (D:3)
210 creatures vanquished.

Vanquished Creatures (others)
  2 orc warriors
  83 fungi
  129 plants
214 creatures vanquished.

Grand Total: 897 creatures vanquished

Notes
Turn   | Place    | Note
-------+----------+-------------------------------------------
     0 | D:1      | tilp the Barachi Summoner began the quest for the Orb.
     0 | D:1      | Reached XP level 1. HP: 13/13 MP: 3/3
   187 | D:1      | Reached skill level 1 in Fighting
   577 | D:1      | Reached XP level 2. HP: 22/22 MP: 1/5
   580 | D:1      | Learned a level 2 spell: Call Imp
   853 | D:1      | Reached skill level 5 in Summonings
  1564 | D:1      | Found a faded altar of an unknown god.
  1681 | D:2      | Reached XP level 3. HP: 26/27 MP: 1/6
  1695 | D:2      | Learned a level 3 spell: Call Canine Familiar
  1740 | D:2      | Found a stormy altar of Qazlal.
  3211 | D:3      | Reached XP level 4. HP: 33/33 MP: 0/8
  3351 | D:3      | Found a snail-covered altar of Cheibriados.
  3648 | D:3      | Found a runed translucent gate.
  3648 | D:3      | Found a runed translucent gate.
  3648 | D:3      | Found a runed translucent gate.
  3648 | D:3      | Noticed diceflayer's ghost (weakling MiBe)
  3897 | D:3      | Noticed Purgy
  3904 | D:3      | Killed Purgy
  3905 | D:3      | Reached XP level 5. HP: 11/41 MP: 9/9
  4561 | D:3      | Found an ancient bone altar of Kikubaaqudgha.
  5107 | D:4      | Reached XP level 6. HP: 45/47 MP: 4/10
  5510 | D:4      | Found a stormy altar of Qazlal.
  5547 | D:4      | Noticed a black bear
  5554 | D:4      | Killed a black bear
  5740 | D:4      | Reached XP level 7. HP: 38/54 MP: 5/11
  6178 | D:4      | Found a glowing silver altar of Zin.
  6201 | D:4      | Found an opulent altar of Gozag.
  6336 | D:4      | Identified a scroll of acquirement
  6336 | D:4      | Acquired 615 gold pieces
  6356 | D:5      | Entered Level 5 of the Dungeon
  6698 | D:4      | Reached XP level 8. HP: 46/60 MP: 6/14
  6891 | D:4      | Reached skill level 1 in Evocations
  7658 | D:5      | Reached skill level 5 in Fighting
  7684 | D:5      | Reached skill level 5 in Dodging
  8510 | D:6      | Noticed a wyvern
  8915 | D:6      | Reached XP level 9. HP: 45/69 MP: 15/15
  8922 | D:6      | Learned a level 3 spell: Summon Guardian Golem
  8927 | D:6      | Learned a level 4 spell: Summon Ice Beast
  9130 | D:6      | Noticed Eustachio
  9408 | D:6      | Noticed Eustachio
  9408 | D:6      | Eustachio changed into Eustachio the scorpion
  9414 | D:6      | Killed Eustachio the scorpion
  9415 | D:6      | Reached skill level 1 in Ice Magic
  9859 | D:6      | Noticed Blork the orc
  9860 | D:6      | Noticed Blork
  9860 | D:6      | Blork the orc changed into Blork the endoplasm
  9865 | D:6      | Killed Blork the endoplasm
 10780 | D:3      | Learned a level 4 spell: Summon Lightning Spire
 10785 | D:3      | Killed diceflayer's ghost
 11041 | D:7      | Identified the +1 hunting sling "Razaanair" {venom, rC+
                  | Will+ Str-4 Int+5}
 11065 | D:7      | Reached skill level 5 in Spellcasting
 11173 | D:7      | Reached skill level 1 in Air Magic
 11388 | D:7      | Found a staircase to the Ecumenical Temple.
 11455 | Temple   | Entered the Ecumenical Temple
 11611 | Temple   | Became a worshipper of Warmaster Okawaru
 11735 | D:7      | Found a blossoming altar of Fedhas.
 11735 | D:7      | Found a broken altar of Ashenzari.
 12216 | D:8      | Identified the +5 rapier of Theory {speed, rN+}
 12232 | D:8      | Reached XP level 10. HP: 68/76 MP: 17/19
 12278 | D:8      | Found a radiant altar of Vehumet.
 12299 | D:8      | Reached skill level 10 in Summonings
 12362 | D:8      | Reached skill level 1 in Invocations
 12399 | D:8      | Reached * piety under Okawaru
 12971 | D:8      | Found a staircase to the Lair.
 13214 | D:8      | Found a shimmering blue altar of Sif Muna.
 13446 | D:9      | Reached ** piety under Okawaru
 13762 | D:9      | Noticed a two-headed ogre
 13775 | D:9      | Killed a two-headed ogre
 13775 | D:9      | Reached *** piety under Okawaru
 13776 | D:9      | Reached skill level 5 in Invocations
 13807 | D:9      | Reached XP level 11. HP: 47/86 MP: 20/20
 14017 | D:9      | Identified the ring "Fistop" {Ice Str+5}
 14125 | D:9      | Found a runed translucent gate.
 14125 | D:9      | Found a runed translucent gate.
 14125 | D:9      | Found a runed translucent gate.
 14128 | D:9      | Noticed Sassenached's ghost (novice GnWn)
 14321 | D:9      | Identified the +10 spear "Nyl Fafix" {flame, Fragile rF+
                  | Int+4}
 14820 | D:9      | Found a shadowy altar of Dithmenos.
 15166 | D:9      | Noticed a deep elf pyromancer
 15184 | D:9      | Killed a deep elf pyromancer
 15424 | D:9      | Reached **** piety under Okawaru
 16543 | D:9      | Found a viscous altar of Jiyva.
 16771 | D:8      | Got Sif Muna's Catalogue of Intoxication
 16773 | D:8      | Got Sif Muna's Catalogue of Ice
 16876 | D:10     | Entered Level 10 of the Dungeon
 16876 | D:10     | Noticed a manticore
 16885 | D:10     | Killed a manticore
 17323 | D:10     | Found a staircase to the Orcish Mines.
 17493 | D:10     | Found Gyninweg's Assorted Antiques.
 17502 | D:10     | Bought a scroll of identify for 52 gold pieces
 17502 | D:10     | Bought a scroll of identify for 52 gold pieces
 17502 | D:10     | Bought a bubbling blue potion for 23 gold pieces
 17502 | D:10     | Bought a scroll labelled XIXZUA HI XEO for 26 gold pieces
 17502 | D:10     | Bought a scroll of identify for 52 gold pieces
 17531 | D:10     | Found a bloodstained altar of Trog.
 18987 | D:11     | Reached skill level 1 in Polearms
 19705 | Lair:1   | Entered Level 1 of the Lair of Beasts
 19718 | Lair:1   | Noticed a five-headed hydra
 19724 | Lair:1   | Reached skill level 2 in Polearms
 19726 | Lair:1   | Received a gift from Okawaru
 20367 | D:8      | Killed a five-headed hydra
 20367 | D:8      | Reached ***** piety under Okawaru
 20368 | D:8      | Reached skill level 3 in Polearms
 20510 | Lair:1   | Reached skill level 4 in Polearms
 20671 | Lair:1   | Reached skill level 1 in Shields
 21309 | Lair:1   | Reached ****** piety under Okawaru
 21316 | Lair:1   | Noticed a seven-headed hydra
 21324 | Lair:1   | Killed a seven-headed hydra
 21325 | Lair:1   | Reached XP level 12. HP: 62/93 MP: 9/21
 21504 | Lair:1   | Received a gift from Okawaru
 22289 | Lair:1   | Reached skill level 5 in Polearms
 23404 | Lair:2   | Reached skill level 6 in Polearms
 24283 | Lair:2   | Reached skill level 10 in Fighting
 24593 | Lair:2   | Received a gift from Okawaru
 24667 | Lair:2   | Reached skill level 7 in Polearms
 24945 | Lair:2   | Noticed a seven-headed hydra
 24955 | Lair:2   | Killed a seven-headed hydra
 25374 | Lair:2   | Reached skill level 8 in Polearms
 25812 | Lair:2   | Reached skill level 1 in Armour
 26757 | Lair:3   | Found a staircase to the Snake Pit.
 27643 | Lair:3   | Reached skill level 5 in Armour
 28263 | Lair:3   | Noticed a death yak
 28265 | Lair:3   | Noticed a death yak
 28270 | Lair:3   | Noticed a death yak
 28287 | Lair:3   | Killed a death yak
 28287 | Lair:3   | Identified the +6 tower shield of the Storm King {rPois}
                  | (Okawaru gifted it to you on level 3 of the Lair of Beasts)
 28287 | Lair:3   | Received a gift from Okawaru
 28475 | Lair:3   | Noticed a death yak
 28475 | Lair:3   | Noticed a death yak
 28482 | Lair:3   | Noticed a death yak
 28492 | Lair:3   | Killed a death yak
 28500 | Lair:3   | Killed a death yak
 28507 | Lair:3   | Killed a death yak
 28508 | Lair:3   | Gained mutation: You can hop long distances. [Barachi
                  | growth]
 28508 | Lair:3   | Reached XP level 13. HP: 82/103 MP: 3/22
 28509 | Lair:3   | Reached skill level 9 in Polearms
 29050 | Lair:4   | Reached skill level 10 in Polearms
 29288 | Lair:4   | Noticed Rupert
 29293 | Lair:4   | Found a staircase to the Shoals.
 30082 | Lair:4   | Noticed Sonja
 30085 | Lair:4   | Noticed Sonja
 30085 | Lair:4   | Sonja changed into Sonja the spriggan
 30090 | Lair:4   | Killed Sonja the spriggan
 30307 | Lair:4   | Killed Rupert
 30308 | Lair:4   | Reached skill level 11 in Polearms
 30722 | Lair:5   | Received a gift from Okawaru
 31019 | Lair:5   | Acquired the +4 demon trident of Mutilation {vamp, Fly
                  | Int+4}
 31082 | Lair:5   | Found a staircase to the Slime Pits.
 31084 | Lair:5   | Found a viscous altar of Jiyva.
 31281 | Lair:5   | Reached skill level 12 in Polearms
 31976 | Lair:5   | Found a sparkling altar of Nemelex Xobeh.
 32235 | Lair:5   | Reached skill level 13 in Polearms
 32571 | Lair:5   | Received a gift from Okawaru
 32623 | Lair:5   | Reached XP level 14. HP: 110/110 MP: 7/23
 33240 | Lair:6   | Entered Level 6 of the Lair of Beasts
 33865 | Lair:6   | Reached skill level 14 in Polearms
 33951 | Lair:6   | Received a gift from Okawaru
 35314 | Lair:6   | Received a gift from Okawaru
 36369 | Orc:1    | Entered Level 1 of the Orcish Mines
 36726 | Orc:1    | Noticed an orc warlord
 36738 | Orc:1    | Killed an orc warlord
 38199 | Orc:2    | Entered Level 2 of the Orcish Mines
 38391 | Orc:2    | Noticed a stone giant
 38404 | Orc:2    | Received a gift from Okawaru
 38929 | Orc:1    | Killed a stone giant
 38930 | Orc:1    | Reached skill level 10 in Invocations
 39211 | Orc:2    | Reached XP level 15. HP: 120/120 MP: 24/24
 39257 | Orc:2    | Found Quon's Antique Armour Shoppe.
 39619 | Orc:2    | Found Zede's Book Shoppe.
 39918 | Orc:2    | Found a staircase to the Elven Halls.
 40144 | Orc:2    | Found Paefip's Antique Weapon Shop.
 40270 | Orc:2    | Found Jihiodd's General Store.
 40695 | Orc:2    | HP: 3/120 [deep elf zephyrmancer/bolt of lightning (38)]
 40696 | Orc:2    | Shot with an arrow by something

Illustrated notes

Levels and vault maps discovered:
D:1:      dpeg_arrival_rooms_c, layout_loops_ring,
          shapermc_ecumenical_altar_mp_urbaneastern
D:2:      layout_basic, basic_altar, grunt_decor_one_mirror
D:3:      layout_basic, nicolae_overflow_hidden_temple, general_overflow_altar,
          gammafunk_ghost_necromancy, minmay_puff, uniq_purgy
D:4:      old_forge, layout_rooms,
          pdpol_temple_overflow_zin_treasury_gozag_greed,
          lemuel_coloured_pillars_altar, serial_glass, glass_columns_a,
          glass_columns_b, item_on_display_a, item_on_display_a,
          feat_on_display, minmay_strange_pillars
D:5:      layout_rooms, minmay_misc_feat_iff
D:6:      kennysheep_six_static_rooms, layout_basic, serial_bayou_lagoon_a,
          uniq_blork_the_orc, uniq_eustachio
D:7:      layout_loops_ring, gammafunk_temple_overflow_wave,
          minmay_temple_entry_sparse_star, roderic_st_hans_cross
D:8:      layout_cave_pods, nicolae_vehumet_altar_sigil,
          nicolae_sif_muna_little_library, lair_entry_dummy
D:9:      minmay_imperfect_grid, layout_basic, grunt_dithmenos_shadows,
          gammafunk_ghost_ooze
D:10:     layout_basic, kennysheep_mini_moat, erik_orc_3, serial_shops, shop,
          chequers_decorated_corner
D:11:     layout_basic, grunt_decor_clamped
Temple:   minmay_temple_curvy_loop
Lair:1:   layout_cellular_growth, minmay_shattered_shrine
Lair:2:   beast_lair_carwin_large_4, layout_layer_cave, grunt_megastairs_4,
          serial_bayou_shore_b
Lair:3:   layout_regular_city, guppyfry_snake_entry_island
Lair:4:   layout_misc_corridors, shoals_dummy_entry, lemuel_fruit_fields,
          uniq_sonja, uniq_rupert
Lair:5:   layout_gridlike, slime_altar_1, chequers_serial_rivers_micro_a,
          chequers_serial_rivers_room_b, lemuel_centaur_altar
Lair:6:   minmay_lair_end_enchanted_forest, layout_gridlike,
          chequers_serial_rivers_micro_d, serial_bayou_crossing,
          infiniplex_staircase_pool_2, serial_bayou_shore_b
Orc:1:    orc_temple, layout_caves, basic_altar
Orc:2:    grunt_orc_gardens, layout_caves, grunt_orc_garden, grunt_orc_garden,
          grunt_orc_garden, grunt_orc_garden, nicolae_volcano_entry_vermiform,
          elf_legates

Skill      XL: |  1  2  3  4  5  6  7  8  9 10 11 12 13 14 15 |
---------------+----------------------------------------------+-----
Fighting       | 2 3 4 6 7 8 10 12 | 12.0
Summonings     | 5 6 8 9 11 12 13 | 13.2
Spellcasting   | 3 4 6 |  6.0
Stealth        | 2 4 |  4.0
Dodging        | 3 4 6 8 |  8.0
Evocations     | 4 |  4.0
Ice Magic      | 4 |  4.0
Air Magic      | 3 4 |  4.0
Invocations    | 5 8 10 | 10.0
Polearms       | 4 8 13 14 | 14.0
Shields        | 4 |  4.0
Armour         | 6 |  6.0

Action                   |  1- 3 |  4- 6 |  7- 9 | 10-12 | 13-15 || total
-------------------------+-------+-------+-------+-------+-------++-------
Melee: Dagger            |    67 |       |       |       |       ||    67
       Unarmed           |     1 |       |       |       |       ||     1
       Hand axe          |    80 |     9 |       |       |       ||    89
       Short sword       |       |    90 |   359 |       |       ||   449
       Trident           |       |       |     8 |       |       ||     8
       War axe           |       |       |     5 |       |       ||     5
       Rapier            |       |       |       |   918 |       ||   918
       Spear             |       |       |       |     2 |   627 ||   629
       Demon trident     |       |       |       |       |   333 ||   333
Throw: Dart              |       |       |       |    14 |    10 ||    24
 Cast: Summon Small Mamm |    19 |     1 |     4 |       |       ||    24
       Call Imp          |    24 |    19 |    47 |       |       ||    90
       Call Canine Famil |     1 |     7 |    32 |    13 |     2 ||    55
       Summon Ice Beast  |       |       |     6 |   145 |   153 ||   304
       Summon Guardian G |       |       |     3 |     3 |       ||     6
       Summon Lightning  |       |       |       |    35 |    31 ||    66
Invok: Heroism           |       |       |       |     6 |    12 ||    18
       Finesse           |       |       |       |       |     1 ||     1
 Abil: Hop               |       |       |     4 |     7 |     5 ||    16
Evoke: Wand              |       |     3 |     5 |     7 |     7 ||    22
       Box of beasts     |       |       |       |     2 |     2 ||     4
       Condenser vane    |       |       |       |       |     1 ||     1
  Use: Scroll            |     4 |     2 |    12 |    12 |     9 ||    39
       Potion            |       |       |     1 |     5 |     2 ||     8
 Stab: Sleeping          |     5 |       |     6 |    11 |     7 ||    29
       Distracted        |     1 |       |     3 |     6 |    14 ||    24
Armor: Robe              |    49 |     3 |       |       |       ||    52
       Ring mail         |       |    51 |   187 |       |       ||   238
       Skin              |       |       |    19 |    12 |       ||    31
       Steam dragon scal |       |       |     6 |   297 |     5 ||   308
       Leather armour    |       |       |       |       |   160 ||   160
Dodge: Dodged            |   137 |    58 |   330 |   637 |   306 ||  1468
Block: Buckler           |       |       |       |   108 |    92 ||   200

Table legend: (Time is in decaauts)
 A = Elapsed time spent in this place.
 B = Non-inter-level travel time spent in this place.
 C = Inter-level travel time spent in this place.
 D = Time resting spent in this place.
 E = Time spent auto-exploring this place.
 F = Levels seen in this place.
 G = Mean time per level.
                   A        B        C        D        E       F      G
               +--------+--------+--------+--------+--------+-----+--------+
         Total |  43419 |  41041 |   2378 |  12514 |  22341 |  20 | 2170.9 |
       Dungeon |  22409 |  20760 |   1649 |   6723 |  10647 |  11 | 2037.2 |
        Temple |    220 |    160 |     60 |      0 |    158 |   1 |  220.0 |
          Lair |  16336 |  15775 |    561 |   3736 |   9954 |   6 | 2722.7 |
  Orcish Mines |   4453 |   4345 |    108 |   2055 |   1580 |   2 | 2226.5 |
               +--------+--------+--------+--------+--------+-----+--------+

Top non-repeatable levels by time:
     D:9: 3948 daAuts
  Lair:2: 3644 daAuts
  Lair:1: 2817 daAuts
     D:4: 2727 daAuts
  Lair:6: 2699 daAuts
     D:3: 2652 daAuts
   Orc:1: 2520 daAuts
  Lair:4: 2504 daAuts
  Lair:3: 2410 daAuts
  Lair:5: 2260 daAuts
     D:6: 2043 daAuts
     D:8: 1993 daAuts
   Orc:2: 1932 daAuts
     D:1: 1773 daAuts
    D:10: 1656 daAuts
